[Event "Betsys MČR v online bleskovém šachu 2021"]
[Site "Chess.com"]
[Date "2021.04.17"]
[Round "5"]
[White "Bagr92"]
[Black "Tah_na_g12"]
[Result "1-0"]
[WhiteElo "1589"]
[BlackElo "1178"]
[TimeControl "180+1"]
[EndTime "9:46:56 PDT"]
[Termination "Uživatel Bagr92 zvítězil po vzdání soupeře"]

1. e4 e5 2. Nc3 Bc5 3. f4 exf4 4. d4 Bb4 5. Bxf4 Qf6 6. Qf3 Qxd4 7. Rd1 Qc5 8. Rd5 Qc6 9. Bb5 Qe6 10. Re5 Qxe5 11. Bxe5 c6 12. Bc4 f6 13. Bd4 Bxc3+ 14. Bxc3 b5 15. Bb3 a5 16. a3 a4 17. Ba2 Ne7 18.
Ne2 Na6 19. O-O Ng6 20. e5 Nxe5 21. Bxe5 fxe5 22. Qf7+ Kd8 23. Qxg7 Re8 24. Rf8 Rxf8 25. Qxf8+ Kc7 26. Qe7 h6 27. Qxe5+ Kb6 28. c4 Bb7 29. b4 axb3 30. Bxb3 bxc4 31. Bxc4 Nc5 32. Qc3 Ne4 33. Qb4+ Kc7 34. Bd3 Nd6 35. Nd4 Rf8 36.
a4 c5 37. Qxc5+ Bc6 38. Nb5+ Kb7 39. Nxd6+ Kc7 40. Nb5+ 1-0

[Event "Betsys MČR v online bleskovém šachu 2021"]
[Site "Chess.com"]
[Date "2021.04.17"]
[Round "5"]
[White "catanist19"]
[Black "kalcs"]
[Result "0-1"]
[WhiteElo "1738"]
[BlackElo "2077"]
[TimeControl "180+1"]
[EndTime "9:46:59 PDT"]
[Termination "Uživatel kalcs zvítězil po vzdání soupeře"]

1. d4 Nf6 2. c4 g6 3. Nc3 Bg7 4. e4 d6 5. f4 O-O 6. e5 dxe5 7. fxe5 Ne8 8. h4 c5 9. h5 cxd4 10. hxg6 fxg6 11. Nd5 Bxe5 12. Bh6 Rf7 13. Nf3 Bg3+ 14. Kd2 e6 15. Ng5 Rf2+ 16. Kd3 exd5 17. Nxh7 Bf5+ 18.
Kxd4 dxc4+ 19. Kxc4 Rc2+ 20. Qxc2 Bxc2 21. Kc3 Qc7+ 22. Bc4+ Kh8 23. Raf1 Be5+ 24. Kd2 Bf5 25. b3 Qxh7 26. Bf4 Bxf4+ 27. Kc3 Qxh1 28. Rxh1+ Kg7 0-1

[Event "Betsys MČR v online bleskovém šachu 2021"]
[Site "Chess.com"]
[Date "2021.04.17"]
[Round "5"]
[White "jsulc"]
[Black "OlifantCZ"]
[Result "0-1"]
[WhiteElo "2070"]
[BlackElo "2288"]
[TimeControl "180+1"]
[EndTime "9:47:01 PDT"]
[Termination "Uživatel OlifantCZ zvítězil na čas"]

1. d4 Nf6 2. c4 g6 3. Nc3 Bg7 4.
e4 O-O 5. Be3 d6 6. h3 b6 7. g4 c5 8. d5 e6 9. Nge2 exd5 10.
exd5 Na6 11. Ng3 Nc7 12. Be2 a6 13. a4 Rb8 14. Qd2 Bd7 15. Bf4 Nfe8 16. Nge4 Qe7 17. O-O f5 18. Bg5 Qf7 19. Ng3 f4 20. Nge4 h6 21.
Bd3 hxg5 22. Nxg5 Qf6 23. Nce4 Qd8 24. Rfe1 b5 25. axb5 axb5 26. Rab1 bxc4 27. Bxc4 Nb5 28. Ne6 Bxe6 29. dxe6 Qe7 30. Qd5 Nd4 31. Ng5 Nc7 32. Qe4 Rf6 0-1

[Event "Betsys MČR v online bleskovém šachu 2021"]
[Site "Chess.com"]
[Date "2021.04.17"]
[Round "5"]
[White "Classemence"]
[Black "AdeeJa"]
[Result "1-0"]
[WhiteElo "1929"]
[BlackElo "1614"]
[TimeControl "180+1"]
[EndTime "9:47:03 PDT"]
[Termination "Uživatel Classemence zvítězil po vzdání soupeře"]

1. e4 c5 2. Nc3 Nc6 3. Nf3 g6 4.
Bb5 Bg7 5. O-O Nd4 6. Bc4 e6 7. d3 Ne7 8. a4 O-O 9. h3 d5 10. exd5 exd5 11. Ba2 Qd6 12. Nxd4 cxd4 13. Ne2 Nf5 14.
Bf4 Qc6 15. Ng3 Qd7 16. Qd2 Nh4 17. Rfe1 h5 18. Bh6 Nxg2 19. Kxg2 Qxh3+ 20. Kg1 h4 21. Bxg7 Kxg7 22. Ne2 Qg4+ 23. Kh2 Qh3+ 24. Kg1 Bg4 25.
Nf4 Qf3 26. Bxd5 Qh3 27. Nxh3 Bxh3 28. Qf4 b6 29. Bxa8 1-0

[Event "Betsys MČR v online bleskovém šachu 2021"]
[Site "Chess.com"]
[Date "2021.04.17"]
[Round "5"]
[White "Miky2610"]
[Black "bezzuton"]
[Result "0-1"]
[WhiteElo "1823"]
[BlackElo "1485"]
[TimeControl "180+1"]
[EndTime "9:47:03 PDT"]
[Termination "Uživatel bezzuton zvítězil po vzdání soupeře"]

1. c4 c5 2. Nc3 e6 3. g3 d5 4.
cxd5 exd5 5. d3 Nf6 6. Bg2 Nc6 7. Nf3 d4 8. Nb1 Qa5+ 9. Bd2 Qb6 10. Qb3 Qxb3 11. axb3 Nd5 12. O-O h6 13. Rc1 g5 14.
Nxd4 Nxd4 15. Kf1 Nxb3 16. Bxd5 Nxa1 17. Nc3 Be6 18. Rxa1 Bxd5 19. Nxd5 Kd8 20. Bc3 Rg8 21. Nf6 Rg6 22. Nd5 Rd6 23. e4 Kd7 24. b4 cxb4 25.
Bxb4 Rxd5 26. exd5 Bxb4 27. Rb1 a5 28. Ke2 Kd6 29.
Ke3 Kxd5 30. d4 Re8+ 31. Kd3 Re4 32. Kc2 Rxd4 33. Rc1 Rc4+ 34. Kb1 Rxc1+ 35. Kxc1 Kc4 36. Kb2 a4 37. f4 b5 38. fxg5 hxg5 39. h4 gxh4 40. gxh4 Bd2 41. h5 Bh6 42. Kc2 f5 43. Kb1 f4 44. Kc2 f3 45. Kd1 a3 46. Ke1 a2 47. Kf2 a1=Q 0-1

[Event "Betsys MČR v online bleskovém šachu 2021"]
[Site "Chess.com"]
[Date "2021.04.17"]
[Round "5"]
[White "mysacek1414"]
[Black "Tlaskin"]
[Result "1-0"]
[WhiteElo "1852"]
[BlackElo "1364"]
[TimeControl "180+1"]
[EndTime "9:47:03 PDT"]
[Termination "Uživatel mysacek1414 zvítězil na čas"]

1. Nf3 c5 2. g3 Nc6 3. Bg2 b6 4. d3 Bb7 5. O-O Nf6 6. e4 Rb8 7. Nbd2 e6 8. Re1 Be7 9. Nf1 O-O 10. e5 Nd5 11. c4 Nc7 12. h4 f6 13. N1h2 fxe5 14.
Nxe5 Nxe5 15. Bxb7 Nxc4 16. Be4 Nd6 17. Bg2 Bxh4 18. gxh4 Qxh4 19. Be3 Nf5 20. Qg4 Qf6 21. Bg5 Qxb2 22. Nf3 Nd5 23. Nh4 Nf6 24. Qh3 Nxh4 25. Qxh4 Qd4 26. Qxd4 cxd4 27. Rac1 Rbc8 28. Rxc8 Rxc8 29.
Rc1 Rxc1+ 30. Bxc1 h5 31. Bb2 Kf7 32. Bxd4 g5 33. Be5 Nd5 34. Bb8 a6 35. Bxd5 exd5 36. Kg2 Ke6 37. Kf3 h4 38. Bc7 b5 39. Kg4 1-0

[Event "Betsys MČR v online bleskovém šachu 2021"]
[Site "Chess.com"]
[Date "2021.04.17"]
[Round "5"]
[White "valid88"]
[Black "Petr_Zacek"]
[Result "0-1"]
[WhiteElo "1336"]
[BlackElo "1766"]
[TimeControl "180+1"]
[EndTime "9:47:03 PDT"]
[Termination "Uživatel Petr_Zacek zvítězil matem"]

1. d4 d5 2. c4 e6 3. Nc3 Nf6 4. Nf3 Nbd7 5. Bg5 c6 6. e3 Qa5 7. Be2 Ne4 8. Qc2 Bb4 9. Rc1 O-O 10.
O-O Nxg5 11. Nxg5 Nf6 12. c5 Bxc3 13. Qxc3 Qc7 14. b4 Re8 15. Qc2 e5 16. Rfe1 e4 17. a4 a6 18. b5 axb5 19. axb5 Bg4 20. Bxg4 Nxg4 21. g3 Qe7 22. Nh3 Qf6 23. Nf4 g5 24. Qe2 Nh6 25. Nh3 Ra5 26. bxc6 bxc6 27. Qh5 g4 28. Nf4 Rea8 29. Rb1 R8a6 30. Rb8+ Kg7 31. Ng2 Ra2 32. Rbb1 Qxf2+ 33. Kh1 Qxg2# 0-1

[Event "Betsys MČR v online bleskovém šachu 2021"]
[Site "Chess.com"]
[Date "2021.04.17"]
[Round "5"]
[White "Vesselovsky52"]
[Black "Innerz98"]
[Result "1-0"]
[WhiteElo "2327"]
[BlackElo "2106"]
[TimeControl "180+1"]
[EndTime "9:47:04 PDT"]
[Termination "Uživatel Vesselovsky52 zvítězil po vzdání soupeře"]

1. e4 e5 2. Nc3 Nf6 3. Nf3 Bb4 4. Nxe5 Qe7 5. Nd3 Bxc3 6. dxc3 Nxe4 7. Be2 O-O 8. O-O Nf6 9. Re1 d5 10. Bg5 Qd6 11.
Bf3 c6 12. Qd2 Bf5 13. Ne5 Nbd7 14. Bf4 Nxe5 15. Rxe5 Qd7 16. Rae1 Rfe8 17. h3 Ne4 18. Bxe4 dxe4 19. Qxd7 Bxd7 20. R1xe4 Be6 21. Re1 Red8 22. b3 Rd7 23. c4 a5 24. a4 b6 25. c5 b5 26.
axb5 cxb5 27. c6 Rd4 28. Be3 Rd6 29. Rc5 Rc8 30. c7 a4 31. Bf4 Rd7 32. Rxb5 axb3 33.
cxb3 Rd4 34. Rb8 Kf8 35. Rxe6 1-0

[Event "Betsys MČR v online bleskovém šachu 2021"]
[Site "Chess.com"]
[Date "2021.04.17"]
[Round "5"]
[White "Sorcercream"]
[Black "polik1112"]
[Result "1/2-1/2"]
[WhiteElo "984"]
[BlackElo "1325"]
[TimeControl "180+1"]
[EndTime "9:47:04 PDT"]
[Termination "Remíza opakováním pozice"]

1. e4 e6 2. d4 d5 3. e5 c5 4. Nf3 Qb6 5. b3 Nc6 6. Bb2 Bd7 7. c3 cxd4 8. cxd4 Bb4+ 9. Nbd2 Nh6 10. Be2 Nf5 11.
a3 Be7 12. Nb1 f6 13. exf6 Bxf6 14. O-O Nfxd4 15. Nxd4 Nxd4 16. Bh5+ g6 17. Bg4 h5 18.
Bh3 Rf8 19. g3 Qxb3 20. Bxd4 Qxd1 21. Rxd1 e5 22. Bxd7+ Kxd7 23. Bb2 Ke6 24. Nd2 e4 25. Bxf6 Rxf6 26. Nb3 Raf8 27. Ra2 b6 28. Rc2 Kd6 29. Nd4 Ke5 30. Nc6+ Kd6 31. Nd4 Ke5 32. Nc6+ Kd6 33. Nd4 1/2-1/2

[Event "Betsys MČR v online bleskovém šachu 2021"]
[Site "Chess.com"]
[Date "2021.04.17"]
[Round "5"]
[White "PaulS_CR"]
[Black "KJ327NR"]
[Result "0-1"]
[WhiteElo "1852"]
[BlackElo "2316"]
[TimeControl "180+1"]
[EndTime "9:47:05 PDT"]
[Termination "Uživatel KJ327NR zvítězil na čas"]

1. Nf3 Nf6 2. e3 g6 3. b3 Bg7 4. Bb2 O-O 5. Be2 b6 6. c4 Bb7 7.
d4 d6 8. Nbd2 Nbd7 9. O-O e5 10.
dxe5 Ng4 11. h3 Ngxe5 12. Nxe5 Nxe5 13. Qc2 Qe7 14. Rae1 Rfe8 15. Bc3 a5 16. a4 Rad8 17. Nf3 Nxf3+ 18. Bxf3 Bxf3 19. gxf3 Qg5+ 20. Kh2 Bxc3 21. Qxc3 Qh5 22. f4 Qf3 23. Rd1 Re4 24. Qd2 Rde8 25.
Rg1 Rxf4 26. Rg2 Rf5 27. Rdg1 Re4 28. Qd1 Rh4 29. Qxf3 Rxf3 30. Rg3 Rxf2+ 31. R1g2 Rxg2+ 32. Kxg2 Re4 33. Kf3 f5 34. Rg1 Kf7 35. Rd1 Ke6 36. Rd2 Kd7 37. Rh2 Kc6 0-1

[Event "Betsys MČR v online bleskovém šachu 2021"]
[Site "Chess.com"]
[Date "2021.04.17"]
[Round "5"]
[White "RunningPawnz88"]
[Black "p_kana"]
[Result "0-1"]
[WhiteElo "1340"]
[BlackElo "1790"]
[TimeControl "180+1"]
[EndTime "9:47:05 PDT"]
[Termination "Uživatel p_kana zvítězil po vzdání soupeře"]

1. d4 Nf6 2. c4 c6 3. Nc3 d5 4.
e3 a6 5. Bd3 b5 6. cxb5 cxb5 7.
Nf3 Bg4 8. O-O e6 9. e4 dxe4 10. Nxe4 Be7 11. Bf4 Nd5 12. Bg3 O-O 13. Qe2 Nc6 14.
Rfc1 Nxd4 15. Qf1 Nxf3+ 16. gxf3 Bxf3 17. Qh3 f5 18. Nc5 Rf6 19. Be5 Rg6+ 20. Kf1 Bg2+ 21. Qxg2 Rxg2 22. Kxg2 Bxc5 23. Rxc5 Qg5+ 24. Kh1 f4 25.
Bd4 Rd8 26. Rg1 Qh5 27. Rxg7+ Kf8 28. Rg2 Qd1+ 29. Rg1 Qxd3 30. Bg7+ Ke7 31. Bh6 Qf3+ 32. Rg2 Rg8 0-1

[Event "Betsys MČR v online bleskovém šachu 2021"]
[Site "Chess.com"]
[Date "2021.04.17"]
[Round "5"]
[White "AJedlicka"]
[Black "Filipdol"]
[Result "1-0"]
[WhiteElo "2201"]
[BlackElo "1877"]
[TimeControl "180+1"]
[EndTime "9:47:06 PDT"]
[Termination "Uživatel AJedlicka zvítězil po vzdání soupeře"]

1. d4 Nf6 2. c4 g6 3. Nc3 Bg7 4.
e4 d6 5. Nf3 O-O 6. Be2 e5 7.
Be3 Nc6 8. d5 Ne7 9. Nd2 c6 10.
O-O cxd5 11. cxd5 a6 12. a4 Bd7 13. a5 Ne8 14. Nc4 Nc8 15. Qb3 Rb8 16. Nb6 Ne7 17.
Rac1 Nc7 18. Nca4 Bb5 19. Bxb5 Nxb5 20. Nc3 Nd4 21. Bxd4 exd4 22. Ne2 f5 23. exf5 Nxf5 24. Ng3 Nxg3 25. hxg3 Be5 26. f4 Bg7 27. Rfe1 Re8 28. Qf3 Rxe1+ 29. Rxe1 Qc7 30. Qg4 Rf8 31. Qe6+ Qf7 32.
Qxd6 d3 33. Qe6 Qxe6 34. dxe6 Bd4+ 35. Kf1 Bxb6 36. axb6 Re8 37. Re3 Kg7 38. Ke1 Kf6 39. Kd2 Rxe6 40. Rxe6+ Kxe6 41. Kxd3 Kd5 42. g4 Kc5 43. f5 gxf5 44. gxf5 Kd5 45. g4 Ke5 46. Ke3 h5 47. gxh5 Kxf5 48. Kd4 Kg5 49. Kd5 1-0

[Event "Betsys MČR v online bleskovém šachu 2021"]
[Site "Chess.com"]
[Date "2021.04.17"]
[Round "5"]
[White "machonza"]
[Black "jachym08"]
[Result "0-1"]
[WhiteElo "1970"]
[BlackElo "2180"]
[TimeControl "180+1"]
[EndTime "9:47:06 PDT"]
[Termination "Uživatel jachym08 zvítězil po vzdání soupeře"]

1. e4 c5 2. Nf3 d6 3. c3 Nf6 4.
h3 Nc6 5. Bd3 e5 6. Bc2 c4 7.
Na3 Be6 8. Qe2 d5 9. exd5 Qxd5 10. b3 cxb3 11. Nb5 O-O-O 12. axb3 Bc5 13. O-O e4 14.
Ne1 a6 15. Na3 Ne5 16. b4 Bb6 17. b5 a5 18. Rb1 Rhe8 19. Bb3 Qd6 20. Nc4 Bxc4 21.
Bxc4 Qc5 22. Ba2 Bc7 23. b6 Bb8 24. Rb5 Qd6 25. g3 Qc6 26. Ba3 Nd3 27. Nxd3 exd3 28. Qg4+ Nxg4 29. hxg4 Qxb5 0-1

[Event "Betsys MČR v online bleskovém šachu 2021"]
[Site "Chess.com"]
[Date "2021.04.17"]
[Round "5"]
[White "BRNOTEACHER"]
[Black "vit_rosenbaum"]
[Result "0-1"]
[WhiteElo "2356"]
[BlackElo "2234"]
[TimeControl "180+1"]
[EndTime "9:47:07 PDT"]
[Termination "Uživatel vit_rosenbaum zvítězil na čas"]

1. d4 e6 2. c4 c5 3. d5 exd5 4.
cxd5 d6 5. Nc3 Nf6 6. e4 g6 7. f4 Bg7 8. Bb5+ Nfd7 9. Bd3 O-O 10.
Nf3 Na6 11. O-O Nc7 12. Be3 Rb8 13. Qd2 b5 14. e5 dxe5 15. d6 Ne6 16. f5 Nd4 17. Bxd4 cxd4 18. Nxb5 gxf5 19. Nxa7 e4 20. Nc6 Qb6 21. Ne7+ Kh8 22. Nxf5 exd3 23. Nxg7 Kxg7 24. Qg5+ Kh8 25. Ne5 f6 26. Qh6 Qxd6 27. Ng6+ Kg8 28. Nxf8 Qxf8 29. Qd2 Ne5 30. Rf4 Qb4 31. Qxb4 Rxb4 32.
b3 f5 33. Rd1 Kg7 0-1

[Event "Betsys MČR v online bleskovém šachu 2021"]
[Site "Chess.com"]
[Date "2021.04.17"]
[Round "5"]
[White "EXTREME_STRATEGY007"]
[Black "JohnnyDuck64"]
[Result "0-1"]
[WhiteElo "1192"]
[BlackElo "2111"]
[TimeControl "180+1"]
[EndTime "9:47:07 PDT"]
[Termination "Uživatel JohnnyDuck64 zvítězil po vzdání soupeře"]

1. e4 c5 2. Nf3 d6 3. d4 cxd4 4. Nxd4 Nf6 5. Nc3 a6 6. Bg5 Qc7 7. Be2 Nbd7 8. O-O h6 9. Bh4 b5 10. Nf5 e6 11. Ng3 g5 12. e5 Nxe5 13. f4 gxh4 14. fxe5 Qc5+ 15. Kh1 Qxe5 16. Rxf6 hxg3 17. Bf3 Ra7 18. Ne4 d5 19. Qd2 dxe4 20. Rd1 Rd7 21.
Rxe6+ Qxe6 22. Qe3 exf3 23. Qxf3 Rxd1+ 24. Qxd1 Bb7 25.
hxg3 Bc5 26. Kh2 Qe4 27. Qd2 Qxg2+ 28. Qxg2 Bxg2 29. Kxg2 Rg8 30. Kh3 Bd6 31. g4 f5 32.
gxf5 Kf7 33. Kh4 Kf6 34. Kh5 Kxf5 35. Kxh6 Rg1 36. b3 Bf4+ 37. Kh7 Kf6 38. c4 Kf7 39. Kh8 Be5+ 0-1

[Event "Betsys MČR v online bleskovém šachu 2021"]
[Site "Chess.com"]
[Date "2021.04.17"]
[Round "5"]
[White "penguinorodriguez"]
[Black "Trickov"]
[Result "1/2-1/2"]
[WhiteElo "2552"]
[BlackElo "2395"]
[TimeControl "180+1"]
[EndTime "9:47:10 PDT"]
[Termination "Remíza opakováním pozice"]

1. d4 d5 2. Bf4 Nf6 3. e3 c6 4.
c4 Bf5 5. Nc3 e6 6. Nf3 Nbd7 7.
Qb3 Qb6 8. c5 Qxb3 9. axb3 a6 10. b4 Rc8 11. h3 h6 12. Nd2 g5 13. Bh2 Bg7 14. Nb3 O-O 15. Na5 b5 16. cxb6 Nxb6 17. Bxa6 Ra8 18. Bb7 Ra7 19. Bxc6 Rc8 20. O-O Nc4 21. Nb5 Rxa5 22. bxa5 Rxc6 23. a6 Nb6 24. a7 Bd3 25. Rfc1 Bxb5 26. a8=Q+ Nxa8 27. Rxa8+ Kh7 28. Rxc6 Bxc6 29. Rc8 Bb5 30. f3 Kg6 31. Kf2 Nd7 32. Rc7 Bf8 33. Rb7 Bc6 34. Rc7 Bb5 35.
Rb7 Bc6 36. Rc7 Bb5 1/2-1/2

[Event "Betsys MČR v online bleskovém šachu 2021"]
[Site "Chess.com"]
[Date "2021.04.17"]
[Round "5"]
[White "martin1804"]
[Black "Herracek"]
[Result "0-1"]
[WhiteElo "2297"]
[BlackElo "2611"]
[TimeControl "180+1"]
[EndTime "9:47:11 PDT"]
[Termination "Uživatel Herracek zvítězil po vzdání soupeře"]

1. d4 Nf6 2. Nf3 e6 3. Bf4 c5 4.
e3 Qb6 5. Na3 cxd4 6. exd4 Bxa3 7. bxa3 Qa5+ 8. Bd2 Qxa3 9. Bd3 Nc6 10. O-O O-O 11. c3 d5 12. Qc2 h6 13. Rab1 Qd6 14.
Rfe1 Nd7 15. Re2 b6 16. Rbe1 Bb7 17. Ne5 Ndxe5 18. dxe5 Qa3 19. Re3 Rac8 20. Qb1 Ba6 21. Rg3 Kh8 22. Rh3 Bxd3 23. Qxd3 f5 24. Bxh6 gxh6 25.
Rxh6+ Kg7 26. Qh3 Rh8 27. Qg3+ Kxh6 28. h4 Qe7 29. Qf4+ Kh7 30. Re3 Rcg8 31. g3 Rg4 32. Kg2 Rxf4 0-1

[Event "Betsys MČR v online bleskovém šachu 2021"]
[Site "Chess.com"]
[Date "2021.04.17"]
[Round "5"]
[White "xPsylocke"]
[Black "maelic"]
[Result "1-0"]
[WhiteElo "2183"]
[BlackElo "1779"]
[TimeControl "180+1"]
[EndTime "9:47:11 PDT"]
[Termination "Uživatel xPsylocke zvítězil na čas"]

1. e4 e6 2. d3 d5 3. Qe2 Nf6 4. g3 Be7 5. Bg2 O-O 6. e5 Nfd7 7. f4 c5 8. Nf3 b5 9. O-O Bb7 10. Be3 Qc7 11. c3 Nc6 12. Nbd2 a5 13. h4 b4 14. c4 Nb6 15. h5 dxc4 16. dxc4 Rfd8 17. b3 a4 18. h6 g6 19. Ne4 Nd4 20. Bxd4 cxd4 21.
Rad1 axb3 22. axb3 Bc5 23. Kh2 Ra3 24. Nxd4 Bxd4 25. Rd3 Bxe4 26. Qxe4 Bc3 27. Rfd1 Raa8 28. Rd6 1-0

[Event "Betsys MČR v online bleskovém šachu 2021"]
[Site "Chess.com"]
[Date "2021.04.17"]
[Round "5"]
[White "horalek"]
[Black "Dejfos"]
[Result "0-1"]
[WhiteElo "1345"]
[BlackElo "1803"]
[TimeControl "180+1"]
[EndTime "9:47:12 PDT"]
[Termination "Uživatel Dejfos zvítězil na čas"]

1. e4 c6 2. Nf3 d5 3. exd5 cxd5 4. d4 Nf6 5. Bd3 e6 6. O-O Bd6 7. Bg5 O-O 8. Nbd2 Nbd7 9. Re1 Re8 10. Ne5 Qc7 11. f4 h6 12. Bh4 Be7 13. Bg3 Bd6 14.
c3 b6 15. Qc2 a5 16. Ndf3 Ba6 17. Bxa6 Rxa6 18. Qd3 Raa8 19. Rac1 Ne4 20. Nd2 Nxd2 21. Qxd2 Nf6 22. Bf2 Ne4 23. g3 Nxd2 24. Kg2 Bxe5 25.
fxe5 Ne4 26. Be3 b5 27. a3 Rac8 28. Rf1 Qe7 29. Rf3 b4 30. Rcf1 Rf8 31. cxb4 axb4 32.
axb4 Qxb4 33. g4 Qxb2+ 34. Kh3 Ng5+ 35. Kg3 Nxf3 0-1

[Event "Betsys MČR v online bleskovém šachu 2021"]
[Site "Chess.com"]
[Date "2021.04.17"]
[Round "5"]
[White "SayQueen"]
[Black "JaraLinhart"]
[Result "1-0"]
[WhiteElo "1995"]
[BlackElo "1675"]
[TimeControl "180+1"]
[EndTime "9:47:14 PDT"]
[Termination "Uživatel SayQueen zvítězil na čas"]

1. e4 c6 2. d4 d5 3. exd5 cxd5 4.
c4 Nf6 5. Nc3 Nc6 6. Nf3 e6 7.
cxd5 Nxd5 8. Bd3 Be7 9. O-O O-O 10. a3 Bf6 11. Re1 a6 12. Be4 Nce7 13. Ne5 b5 14. Ng4 Ng6 15. Nxf6+ Qxf6 16. Bxd5 exd5 17. Nxd5 Qf5 18. Ne3 Qd7 19. d5 Bb7 20. Qf3 Rac8 21. Bd2 Ne5 22. Qg3 Nd3 23. Red1 Nxb2 24. Rdc1 Nd3 25. Rxc8 Rxc8 26. h4 Bxd5 27. Ng4 Kh8 28. Qxd3 Qxg4 29. Qxd5 1-0

[Event "Betsys MČR v online bleskovém šachu 2021"]
[Site "Chess.com"]
[Date "2021.04.17"]
[Round "5"]
[White "keram91"]
[Black "Toman_26"]
[Result "0-1"]
[WhiteElo "753"]
[BlackElo "1049"]
[TimeControl "180+1"]
[EndTime "9:47:14 PDT"]
[Termination "Uživatel Toman_26 zvítězil matem"]

1. d4 e6 2. g3 Nf6 3. h4 d5 4. Bf4 c5 5. Nf3 Nc6 6. dxc5 Bxc5 7. e3 Qb6 8. c3 Qxb2 9. Ne5 Qxa1 10. Nxf7 Kxf7 11. Bb5 Qxa2 12. Bxc6 bxc6 13. h5 Ba6 14. Nd2 Rac8 15. h6 g6 16. Be5 Rhf8 17. Bxf6 Kxf6 18.
Qf3+ Ke7 19. Qd1 Bd3 20. Rh4 a5 21. Rf4 Rxf4 22. gxf4 a4 23. f5 exf5 24. e4 dxe4 25. c4 a3 26. f4 Qc2 27. Qxc2 Bxc2 28. Nf1 a2 29. Kd2 a1=Q 30. Kxc2 Qa2+ 31. Kc3 Rb8 32. Ne3 Rb3# 0-1

[Event "Betsys MČR v online bleskovém šachu 2021"]
[Site "Chess.com"]
[Date "2021.04.17"]
[Round "5"]
[White "honzasoucek"]
[Black "Pokemonchess"]
[Result "0-1"]
[WhiteElo "1629"]
[BlackElo "1942"]
[TimeControl "180+1"]
[EndTime "9:47:15 PDT"]
[Termination "Uživatel Pokemonchess zvítězil na čas"]

1. e4 c5 2. Nf3 Nc6 3. d4 cxd4 4.
Nxd4 Nf6 5. Nc3 g6 6. Be3 Bg7 7. Be2 O-O 8. O-O d5 9. exd5 Nxd5 10. Nxd5 Qxd5 11. Nxc6 Qxc6 12. c3 Be6 13. Bf3 Qc7 14.
Qa4 a6 15. Rad1 b5 16. Qa3 Rab8 17. Qxa6 Bc4 18. Rfe1 b4 19. Qa7 Qc8 20. cxb4 Be6 21. b3 Rxb4 22. Rc1 Qd8 23. Red1 Qb8 24. Qxb8 Rfxb8 25.
Rc5 R4b6 26. Rdc1 Ra6 27. Bf4 Rf8 0-1

[Event "Betsys MČR v online bleskovém šachu 2021"]
[Site "Chess.com"]
[Date "2021.04.17"]
[Round "5"]
[White "Dan1612"]
[Black "horvi1"]
[Result "0-1"]
[WhiteElo "1985"]
[BlackElo "2237"]
[TimeControl "180+1"]
[EndTime "9:47:16 PDT"]
[Termination "Uživatel horvi1 zvítězil po vzdání soupeře"]

1. e4 e6 2. c4 d5 3. cxd5 exd5 4.
exd5 Nf6 5. Nc3 Nxd5 6. Bc4 Be6 7. Qf3 Nb4 8. Bxe6 fxe6 9. Qe4 Nd3+ 10. Kf1 Nc6 11.
Qxe6+ Be7 12. Nf3 Rf8 13. Nd5 Nc5 14. Nxc7+ Qxc7 15. Qh3 Qd7 16. Qxh7 Qd3+ 17. Qxd3 Nxd3 18. Ke2 Nf4+ 19. Kd1 Nxg2 20. Rg1 Nh4 21. Nxh4 Bxh4 22. Rxg7 O-O-O 23. Kc2 Rxf2 24. Rg4 Rxh2 25. b3 Bf6 26. Rb1 Nd4+ 27. Kd3 Nxb3+ 28. Kc4 Nxc1 29. Rxc1 Rhxd2 30. Kb5+ Kb8 31. Rgc4 Rb2+ 32. Ka5 Rd5+ 33. Ka4 b5+ 34. Ka3 bxc4 35. Rxc4 Ra5+ 0-1

[Event "Betsys MČR v online bleskovém šachu 2021"]
[Site "Chess.com"]
[Date "2021.04.17"]
[Round "5"]
[White "VeceraP1973"]
[Black "lupinek23"]
[Result "1-0"]
[WhiteElo "1915"]
[BlackElo "1623"]
[TimeControl "180+1"]
[EndTime "9:47:17 PDT"]
[Termination "Uživatel VeceraP1973 zvítězil po vzdání soupeře"]

1. e4 e5 2. Nf3 Nc6 3. d4 exd4 4. Bc4 Nf6 5. e5 Ng4 6. Bf4 d6 7. exd6 Bxd6 8. Qe2+ Qe7 9. Bxd6 cxd6 10. Nbd2 Nge5 11.
Bb5 O-O 12. O-O-O a6 13. Ba4 b5 14. Bb3 Nxf3 15. Qxf3 Bb7 16. Qf4 a5 17. Bd5 Nb4 18.
Bxb7 Qxb7 19. a3 Nd5 20. Qxd4 Rac8 21. Nf3 Qc6 22. Rd2 Nf6 23. Qxd6 Qxd6 24. Rxd6 Ne4 25.
Rd5 Nxf2 26. Rf1 Ne4 27. Rxb5 a4 28. Rb4 Rfe8 29. Rxa4 Nc5 30. Ra7 Nd3+ 31. Kb1 Nc5 32. b4 Ne6 33. Ne5 f6 34. Nd3 Nd4 35. Rf2 Re1+ 36. Kb2 Rce8 37. Rd7 Nb5 38. a4 Ra8 39. axb5 Raa1 40. b6 Reb1+ 41. Kc3 1-0

[Event "Betsys MČR v online bleskovém šachu 2021"]
[Site "Chess.com"]
[Date "2021.04.17"]
[Round "5"]
[White "Mimochodem"]
[Black "nw_tynka"]
[Result "1/2-1/2"]
[WhiteElo "1796"]
[BlackElo "2187"]
[TimeControl "180+1"]
[EndTime "9:47:18 PDT"]
[Termination "Remíza – nedostatek materiálu"]

1. e4 c5 2. Nf3 Nc6 3. Nc3 e6 4. Bc4 a6 5. a4 d6 6. d3 Nf6 7. O-O Be7 8. Bg5 O-O 9. Re1 h6 10. Bh4 Rb8 11. Qd2 Bd7 12. Bb3 Na5 13. Rad1 Nxb3 14. cxb3 b5 15. axb5 axb5 16. d4 cxd4 17. Qxd4 e5 18. Qd3 Be6 19. Bxf6 Bxf6 20. Nd5 Bg5 21. Nxg5 hxg5 22. b4 Bxd5 23. Qxd5 Rb6 24. Rc1 Qf6 25. Rc6 Rxc6 26. Qxc6 g4 27. Rd1 Rd8 28.
Qxb5 Qe6 29. Rd5 Qd7 30. Qxd7 Rxd7 31. b5 Kf8 32. b4 Ke7 33. f3 gxf3 34. gxf3 Rc7 35.
Kf2 Rc2+ 36. Kg3 Rb2 37. f4 Rxb4 38. fxe5 dxe5 39. Rxe5+ Kd6 40. Kf4 Rc4 41. Rd5+ Ke6 42. b6 Rb4 43. Rg5 Rxb6 44. Rxg7 Kf6 45. Rh7 Rb2 46. h4 Kg6 47. Rh8 Kg7 48. Rh5 Rh2 49. Kg3 Rh1 50. Re5 f6 51. Rc5 Kg6 52. h5+ Rxh5 53.
Rxh5 Kxh5 54. Kf4 Kg6 55. e5 fxe5+ 56. Kxe5 1/2-1/2

[Event "Betsys MČR v online bleskovém šachu 2021"]
[Site "Chess.com"]
[Date "2021.04.17"]
[Round "5"]
[White "Krvelacny_krecek"]
[Black "DrStillestein"]
[Result "1-0"]
[WhiteElo "2388"]
[BlackElo "2113"]
[TimeControl "180+1"]
[EndTime "9:47:19 PDT"]
[Termination "Uživatel Krvelacny_krecek zvítězil po vzdání soupeře"]

1. d4 d5 2. Nf3 Nf6 3. g3 g6 4. c4 c6 5. Bg2 Bg7 6. cxd5 cxd5 7. Ne5 O-O 8. Nc3 Nc6 9. Nxc6 bxc6 10. O-O Bf5 11.
Be3 Ne4 12. Na4 e5 13. Rc1 Rc8 14. dxe5 Bxe5 15. Bxa7 Qa5 16. Bd4 Bxd4 17. Qxd4 c5 18. Qd1 d4 19. Bxe4 Bxe4 20. f3 Bd5 21. b3 Rfe8 22. Re1 Re3 23. Kf2 Qb4 24. Rc2 Be6 25. Qd2 Qxd2 26. Rxd2 Bd7 27. Nb6 Rc7 28. Rc1 Be6 29.
Rxd4 cxd4 30. Rxc7 Rc3 31. Rxc3 dxc3 32. Ke3 Bf5 33. Nd5 c2 34. Kd2 Be6 35. Nb4 c1=Q+ 36. Kxc1 Kf8 37. Kd2 Ke7 38. e4 Kd6 39. f4 Kc5 40.
Kc3 h5 41. Nd3+ Kb5 42. a4+ Ka5 43. Nc5 Bc8 44. b4+ Kb6 45. Kc4 f6 46. a5+ Kc6 47. b5+ Kd6 48. Kd4 g5 49. e5+ fxe5+ 50. fxe5+ Ke7 51. b6 h4 52. b7 hxg3 53. hxg3 1-0

[Event "Betsys MČR v online bleskovém šachu 2021"]
[Site "Chess.com"]
[Date "2021.04.17"]
[Round "5"]
[White "Alesbar"]
[Black "alenka777"]
[Result "0-1"]
[WhiteElo "1606"]
[BlackElo "1289"]
[TimeControl "180+1"]
[EndTime "9:47:19 PDT"]
[Termination "Uživatel alenka777 zvítězil na čas"]

1. Nf3 d5 2. g3 Nf6 3. Bg2 Nc6 4. O-O e5 5. d3 Bg4 6. Nbd2 Bd6 7. c4 dxc4 8. Nxc4 Qe7 9. Qa4 O-O 10. Ne3 Nd4 11. Nxd4 exd4 12. Nxg4 Nxg4 13. Qxd4 h5 14. Bf3 Ne5 15.
Bxh5 Qf6 16. Bf4 g6 17. Bxe5 Bxe5 18. Qg4 Bxb2 19. Rab1 Be5 20. Rxb7 Qg7 21. Bxg6 fxg6 22. Qe6+ Kh8 23. Rb5 Bf6 24. Qd5 Rad8 25. Qe4 Qh6 26.
Rfb1 Kg7 27. Qc6 Rf7 28. Rb7 Be5 29. f4 Bd4+ 30. Kg2 g5 31. Qxh6+ Kxh6 32. Rc1 gxf4 33.
Rcxc7 Rxc7 34. Rxc7 fxg3 35. hxg3 Re8 36. e4 Rb8 37. Rc6+ Kg5 38. Rd6 Be5 0-1